 Dungeon Crawl Stone Soup version 0.28.0-47-ge53b351184 (webtiles) character file.

Game seed: 6003432463231968967

5 Zeld the Insei (level 1, -2/13 HPs)
             Began as an Octopode Transmuter on May 10, 2022.
             Slain by a hobgoblin (4 damage)
             ... on level 1 of the Dungeon.
             The game lasted 00:00:25 (82 turns).

Zeld the Insei (Octopode Transmuter)                  Turns: 82, Time: 00:00:26

Health: -2/13      AC:  1    Str:  9    XL:     1   Next: 80%
Magic:  3/3        EV: 13    Int: 15    God:
Gold:   0          SH:  0    Dex: 12    Spells: 3/4 levels left

rFire   . . .      SeeInvis .     - Unarmed
rCold   . . .      Faith    .   (no shield)
rNeg    . . .      Spirit   .   (helmet restricted)
rPois   .          Reflect  .   (no amulet)
rElec   .          Harm     .   (no ring)
rCorr   .          Rampage  .   (no ring)
Will    .....                   (no ring)
Stlth   ++........              (no ring)
HPRegen 0.04/turn               (no ring)
MPRegen 0.08/turn               (no ring)
                                (no ring)
                                (no ring)

@: no status effects
A: almost no armour, amphibious, 8 rings, camouflage 1, gelatinous body 1,
(nimble swimmer 1), tentacles
a: no special abilities


You were on level 1 of the Dungeon.
You visited 1 branch of the dungeon, and saw 1 of its levels.

Inventory:

Potions
 a - a potion of flight {unknown}


   Skills:
 * Level 1.1 Fighting
 + Level 2.0 Dodging
 + Level 0.3 Stealth
 + Level 3.0 Unarmed Combat
 * Level 2.1 Spellcasting
 * Level 2.1 Transmutations


You had 3 spell levels left.
You knew the following spells:

 Your Spells              Type           Power      Damage    Failure   Level
a - Beastly Appendage     Tmut           14%        N/A       10%         1

Your spell library contained the following spells:

 Spells                   Type           Power      Damage    Failure   Level
 Wereblood                Tmut           7%         N/A       14%         2
 Spider Form              Tmut/Pois      4%         N/A       38%         3
 Ice Form                 Ice/Tmut       4%         N/A       80%         4


Dungeon Overview and Level Annotations

Branches:
Dungeon (1/15)

Altars:


Innate Abilities, Weirdness & Mutations

You cannot wear most types of armour.
You are amphibious.
You can wear up to eight rings at the same time.
Your skin changes colour to match your surroundings (Stealth+).
Your rubbery body absorbs attacks. (AC +1, EV +1)
((You are camouflaged when in or above water. (Stealth+)))
You have tentacles for arms and can constrict up to eight enemies at once.


Message History

The endoplasm quivers.
An endoplasm comes into view.
There are monsters nearby!
You tentacle-slap the bat. Your grab misses the bat.
Your squeeze misses the bat.
The bat is severely wounded.
The bat barely misses you. The bat hits you.
Found a leather armour.
The bat hits you.
You tentacle-slap the bat.
You kill the bat!
Your transformation is almost over.
The endoplasm barely misses you.
You tentacle-slap the endoplasm.
You pierce the endoplasm.
You kill the endoplasm!
Found a scroll labelled FOIFAI VAMIDUZ.
A ball python comes into view.
The endoplasm quivers.
The hobgoblin shouts!
The hobgoblin hits you. The endoplasm hits you.
You are too injured to fight recklessly!
The ball python hisses angrily.
You tentacle-slap the endoplasm.
The endoplasm is heavily wounded.
The hobgoblin barely misses you. The endoplasm barely misses you.
You are too injured to fight recklessly!
You are too injured to fight recklessly!
You tentacle-slap the ball python. Your grab misses the ball python.
You pierce the ball python.
The ball python is severely wounded.
The hobgoblin misses you. The endoplasm freezes you.
You are frozen.
* * * LOW HITPOINT WARNING * * *
The ball python barely misses you. The ball python closely misses you.
Your tentacle spike disappears.
The ball python barely misses you. The ball python closely misses you.
The hobgoblin barely misses you. The hobgoblin hits you.
You die...

#### ... ..#####
########.#... ...........#
#### ##+###....S..# # ...#
#...##..^@g..###.?. .[.#
...##....J.....[.. ...#
....#.............
...######...#.[...........
...#....#...#.............
...#....#.###..........###
.........................
........##...........####.
........##...........+


You could see an endoplasm, a hobgoblin and a ball python.

Vanquished Creatures
  A ball python (D:1)
  A bat (D:1)
  An endoplasm (D:1)
  A giant cockroach (D:1)
4 creatures vanquished.

Notes
Turn   | Place    | Note
-------+----------+-------------------------------------------
     0 | D:1      | Zeld the Octopode Transmuter began the quest for the Orb.
     0 | D:1      | Reached XP level 1. HP: 13/13 MP: 3/3
    82 | D:1      | Slain by a hobgoblin

Illustrated notes

Levels and vault maps discovered:
D:1:      psy_arrival_fountain, layout_basic,
          dreamdust_ecumenical_altar_hidden_monk_grotto, serial_shops, shop

Action                   || total
-------------------------++-------
Melee: Unarmed           ||     8
       Kick              ||     3
       Constrict         ||     1
 Cast: Beastly Appendage ||     2
 Stab: Sleeping          ||     1
Dodge: Dodged            ||    10
